Login

Abbotsford Canucks vs Coachella Valley Firebirds

Created - 14 March 2024 at 23:17

Goals
1 2 3 T
Abbotsford Canucks 1 0 1 2
Coachella Valley Firebirds 0 1 0 1
Shots
1 2 3 T
Abbotsford Canucks 12 5 9 26
Coachella Valley Firebirds 16 1 6 23

GoalsPenalties
1st period
1. Abbotsford Canucks , Nils Aman 8 (Vitali Kravtsov 5, Mark Friedman 1) at 6:24
Aatu Raty (ABB) for Interference (Minor) at 1:11
Tye Kartye (COA) for Cross-checking (Minor) at 15:00
2nd period
2. Coachella Valley Firebirds , Shane Wright 2 (Matty Beniers 2, Gustav Olofsson 1) at 8:47
Max McCormick (COA) for Roughing (Double Minor) at 8:54
3rd period
3. Abbotsford Canucks , Vitali Kravtsov 5 (Nils Aman 3, Mark Friedman 2) at 13:14
Tye Kartye (COA) for Roughing (Minor) at 2:34
Max McCormick (COA) for Holding (Minor) at 13:36
Kole Lind (COA) for Interference (Minor) at 17:14
Goalie Stats
Arturs Silovs (ABB), 22 saves from 23 shots - (0.957), W, 2-1-2, 60:00 minutes
Mads Sogaard (COA), 24 saves from 26 shots - (0.923), L, 1-4-0, 59:55 minutes
3 StarsOfficial
1 - Nils Aman (ABB)
2 - Vitali Kravtsov (ABB)
3 - Mark Friedman (ABB)
Referees : Chris Lee and Wes McCauley
Linesman : Trent Knorr and Travis Gawryletz
Game Note
10:47 of 1st period - Coachella Valley Firebirds goal is going for a video replay. After video review, No Goal. The attacking player has interfered with a goalkeeper in his goal crease.
Finance
Level 1 -- Attendance: 1935 (96.75%) -- Ticket Income $67,725
Level 2 -- Attendance: 990 (99.00%) -- Ticket Income $14,850
Total Attendance: 2925 (97.50%)
Total Ticket Income: $82,575
Other Income: $40,462
Total Income: $123,037



Team Name Goals Shots Shots Attemp Shots Blocked PIM HIT PP PK FO%
Abbotsford Canucks 2265582230 / 6 (0%)056%
Coachella Valley Firebirds 12341712170 / 1 (0%)044%

Abbotsford Canucks
Player Name POS G A P +/- PIM HIT SHT SB MP PP MP PP SHT PK MP PK SHT FO% FOT GA TA
Aatu RatyC0000231016:045:0400:00043% 700
Aidan McDonoughLW0001020019:445:5400:000100% 110
Arshdeep BainsLW0000030018:215:0300:1700% 000
Christian WolaninD000-1012127:056:5211:1900% 000
Cole FonstadLW0000011013:260:5800:0000% 000
Cole McWardD0000003013:090:2000:0000% 000
Danila KlimovichRW000004017:590:2600:0000% 000
Guillaume BriseboisD000-1000125:476:5201:1900% 010
Jack StudnickaC0000004012:490:0000:00050% 600
Jett WooD0002010119:554:4300:0000% 000
Linus KarlssonRW0000024114:080:5500:000100% 110
Mark FriedmanD0222010219:534:4300:4000% 000
Nils AmanC1121035024:126:0421:07055% 2922
Tristen NielsenC0000010010:190:0000:53067% 300
Tucker PoolmanD0000001014:180:2000:4000% 002
Ty GloverC000000000:560:0900:0300% 000
Vasily PodkolzinRW0000011018:535:0800:490100% 100
Vitali KravtsovRW1121004121:026:0400:4910% 000
Coachella Valley Firebirds
Player Name POS G A P +/- PIM HIT SHT SB MP PP MP PP SHT PK MP PK SHT FO% FOT GA TA
Cal O'ReillyC000000000:410:0000:0000% 000
Cale FleuryD0000050227:061:0906:3300% 000
Cameron HughesLW0000001016:230:0003:1800% 010
Gustav OlofssonD0110010024:271:0906:2000% 001
Jimmy SchuldtD000-1000020:210:5004:5700% 000
Kole LindC0000223017:501:0303:40044% 910
Luke HenmanC0000012013:370:0000:0200% 100
Marian StudenicRW0000024121:341:0303:04050% 610
Matty BeniersC011-1000017:140:0003:0000% 001
Max McCormickLW0000619120:121:0300:5700% 000
Mitch ReinkeD0000000011:510:0000:3800% 000
Peetro SeppalaD0000010011:240:0000:0000% 001
Ryan SandelinRW000000001:200:0000:0000% 000
Ryker EvansD000-1010120:360:5004:5700% 010
Shane WrightC101-1012122:150:5606:00022% 901
Tye KartyeLW000-1410018:310:5603:36060% 501
Ville OttavainenD000000005:000:0000:3800% 000
Ville PetmanC0000012117:380:5600:00050% 1800

Abbotsford Canucks

5 vs 5 Forward
Line #Left WingCenterRight WingPHYDFOFWanted %Time %Time Play
1Aidan McDonoughNils AmanVitali Kravtsov1224031%14:01
2Arshdeep BainsJack StudnickaVasily Podkolzin1223029%13:14
3Cole FonstadAatu RatyLinus Karlsson1222025%11:32
4Nils AmanTristen NielsenDanila Klimovich1221015%6:40
5 vs 5 Defense
Line #DefenseDefensePHYDFOFWanted %Time %Time Play
1Christian WolaninGuillaume Brisebois1224039%17:36
2Mark FriedmanJett Woo1223031%14:06
3Tucker PoolmanCole McWard1222027%12:27
4Jett WooChristian Wolanin122103%1:18
Power Play Forward
Line #Left WingCenterRight WingPHYDFOFWanted %Time %Time Play
1Aidan McDonoughNils AmanVitali Kravtsov1226055%6:36
2Arshdeep BainsAatu RatyVasily Podkolzin1224045%5:19
Power Play Defense
Line #DefenseDefensePHYDFOFWanted %Time %Time Play
1Christian WolaninGuillaume Brisebois1226058%6:52
2Mark FriedmanJett Woo1224042%5:03
Penalty Kill 4 Players Forward
Line #CenterWingPHYDFOFWanted %Time %Time Play
1Nils AmanAatu Raty1226059%1:10
2Vitali KravtsovVasily Podkolzin1224041%0:49
Penalty Kill 4 Players Defense
Line #DefenseDefensePHYDFOFWanted %Time %Time Play
1Christian WolaninGuillaume Brisebois1226066%1:19
2Mark FriedmanTucker Poolman1224034%0:40
Penalty Kill 3 Players
Line #WingPHYDFOFWanted %Time %Time PlayDefenseDefensePHYDFOFWanted %Time %Time Play
1Nils Aman122600%0:00 Christian WolaninGuillaume Brisebois122600%0:00
2Vitali Kravtsov122400%0:00 Mark FriedmanJett Woo122400%0:00
4 vs 4 Forward
Line #CenterWingPHYDFOFWanted %Time %Time Play
1Nils AmanAidan McDonough122600%0:00
2Vitali KravtsovVasily Podkolzin122400%0:00
4 vs 4 Defense
Line #DefensePHYDFOFWanted %Time %Time Play
1Christian WolaninGuillaume Brisebois122600%0:00
2Mark FriedmanCole McWard122400%0:00
Last Minutes Offensive
Left WingCenterRight WingDefenseDefense
Aidan McDonoughNils AmanVitali KravtsovChristian WolaninGuillaume Brisebois
Last Minutes Defensive
Left WingCenterRight WingDefenseDefense
Aidan McDonoughNils AmanVitali KravtsovChristian WolaninGuillaume Brisebois
Time
Total ForwardTotal DefenseLast Minutes OffensiveLast Minutes Defensive
60:00 60:00 0:000:39
Extra Forwards
Normal PowerPlayPenalty Kill
Aatu Raty, Linus Karlsson, Tristen NielsenAatu Raty, Linus KarlssonTristen Nielsen
Extra Defensemen
Normal PowerPlayPenalty Kill
Tucker Poolman, Cole McWard, Jett WooTucker Poolman, Cole McWardJett Woo
Penalty Shots
Nils Aman, Aidan McDonough, Vitali Kravtsov, Vasily Podkolzin, Aatu Raty
Goalie
Arturs Silovs, Zach Sawchenko
Custom OT Lines Forwards
Nils Aman, Jack Studnicka, Vitali Kravtsov, Vasily Podkolzin, Aatu Raty, Aidan McDonough, Linus Karlsson, Tristen Nielsen, Danila Klimovich, Arshdeep Bains
Custom OT Lines Defensemen
Christian Wolanin, Guillaume Brisebois, Mark Friedman, Cole McWard, Tucker Poolman
Scratches
Brandon Cutler (Healthy), Tyler Hinam (Healthy), Akito Hirose (Sprained Right Knee Injury), Michal Mrazik (Healthy), Max Sasson (Healthy) Callum Booth (Healthy)

Coachella Valley Firebirds

5 vs 5 Forward
Line #Left WingCenterRight WingPHYDFOFWanted %Time %Time Play
1Max McCormickVille PetmanMarian Studenic1224038%17:29
2Tye KartyeShane WrightMatty Beniers1223031%14:15
3Cameron HughesKole LindLuke Henman1222028%12:32
4Max McCormickMarian StudenicShane Wright122103%1:14
5 vs 5 Defense
Line #DefenseDefensePHYDFOFWanted %Time %Time Play
1Cale FleuryGustav Olofsson1224035%15:45
2Jimmy SchuldtRyker Evans1223032%14:20
3Peetro SeppalaMitch Reinke1222025%11:24
4Ville OttavainenCale Fleury122109%4:01
Power Play Forward
Line #Left WingCenterRight WingPHYDFOFWanted %Time %Time Play
1Max McCormickKole LindMarian Studenic1226053%1:03
2Tye KartyeShane WrightVille Petman1224047%0:56
Power Play Defense
Line #DefenseDefensePHYDFOFWanted %Time %Time Play
1Cale FleuryGustav Olofsson1226058%1:09
2Jimmy SchuldtRyker Evans1224042%0:50
Penalty Kill 4 Players Forward
Line #CenterWingPHYDFOFWanted %Time %Time Play
1Tye KartyeShane Wright1226074%8:48
2Marian StudenicMax McCormick1224026%3:07
Penalty Kill 4 Players Defense
Line #DefenseDefensePHYDFOFWanted %Time %Time Play
1Cale FleuryGustav Olofsson1226058%6:58
2Jimmy SchuldtRyker Evans1224042%4:57
Penalty Kill 3 Players
Line #WingPHYDFOFWanted %Time %Time PlayDefenseDefensePHYDFOFWanted %Time %Time Play
1Max McCormick122600%0:00 Cale FleuryGustav Olofsson122600%0:00
2Shane Wright122400%0:00 Jimmy SchuldtRyker Evans122400%0:00
4 vs 4 Forward
Line #CenterWingPHYDFOFWanted %Time %Time Play
1Ville PetmanShane Wright122600%0:00
2Marian StudenicMax McCormick122400%0:00
4 vs 4 Defense
Line #DefensePHYDFOFWanted %Time %Time Play
1Cale FleuryGustav Olofsson122600%0:00
2Jimmy SchuldtRyker Evans122400%0:00
Last Minutes Offensive
Left WingCenterRight WingDefenseDefense
Max McCormickShane WrightMarian StudenicCale FleuryGustav Olofsson
Last Minutes Defensive
Left WingCenterRight WingDefenseDefense
Max McCormickShane WrightMarian StudenicCale FleuryGustav Olofsson
Time
Total ForwardTotal DefenseLast Minutes OffensiveLast Minutes Defensive
60:00 60:00 0:360:00
Extra Forwards
Normal PowerPlayPenalty Kill
Ville Petman, Luke Henman, Kole LindVille Petman, Luke HenmanKole Lind
Extra Defensemen
Normal PowerPlayPenalty Kill
Peetro Seppala, Mitch Reinke, Ville OttavainenPeetro Seppala, Mitch ReinkeVille Ottavainen
Penalty Shots
Luke Henman, Shane Wright, Marian Studenic, Max McCormick, Tye Kartye
Goalie
Mads Sogaard, Chris Driedger
Custom OT Lines Forwards
Matty Beniers, Shane Wright, Marian Studenic, Max McCormick, Tye Kartye, Kole Lind, Cameron Hughes, Cal O'Reilly, Ville Petman, Luke Henman
Custom OT Lines Defensemen
Cale Fleury, Gustav Olofsson, Jimmy Schuldt, Ryker Evans, Peetro Seppala
Scratches
David Goyette (Healthy), Andrew Poturalski (Strained Back Injury)


Play-by-Play

1st period


0:01 of 1st period - Nils Aman wins face-off versus Ville Petman in neutral zone.
0:35 of 1st period - Slapshot by Jack Studnicka.
0:35 of 1st period - Stopped by Mads Sogaard with a rebound.
1:11 of 1st period - Minor Penalty to Aatu Raty for Interference.
1:12 of 1st period - Kole Lind wins face-off versus Nils Aman in Abbotsford Canucks zone.
1:42 of 1st period - Snap shot by Tye Kartye.
1:42 of 1st period - Shot Blocked by Vitali Kravtsov.
2:33 of 1st period - Icing by Max McCormick.
2:34 of 1st period - Nils Aman wins face-off versus Kole Lind in Coachella Valley Firebirds zone.
3:10 of 1st period - Snap shot by Vitali Kravtsov.
3:10 of 1st period - Stopped by Mads Sogaard with a rebound.
3:11 of 1st period - Penalty to Aatu Raty is over, Aatu Raty is back on ice.
3:40 of 1st period - Icing by Guillaume Brisebois.
3:41 of 1st period - Aatu Raty wins face-off versus Shane Wright in Abbotsford Canucks zone.
3:50 of 1st period - Wrist shot by Max McCormick.
3:50 of 1st period - Stopped by Arturs Silovs with a rebound.
3:52 of 1st period - Snap shot by Marian Studenic.
3:52 of 1st period - Stopped by Arturs Silovs without a rebound.
3:53 of 1st period - Marian Studenic wins face-off versus Nils Aman in Abbotsford Canucks zone.
3:56 of 1st period - Wrist shot by Max McCormick.
3:56 of 1st period - Deflect By Marian Studenic.
3:56 of 1st period - Stopped by Arturs Silovs without a rebound.
3:57 of 1st period - Nils Aman wins face-off versus Ville Petman in Abbotsford Canucks zone.
4:06 of 1st period - Wrist shot by Vitali Kravtsov.
4:06 of 1st period - Shot Misses the Net.
4:30 of 1st period - Snap shot by Matty Beniers.
4:30 of 1st period - Shot Misses the Net.
4:32 of 1st period - Snap shot by Shane Wright.
4:32 of 1st period - Shot Misses the Net.
4:42 of 1st period - Slapshot by Kole Lind.
4:42 of 1st period - Stopped by Arturs Silovs with a rebound.
4:44 of 1st period - Wrist shot by Luke Henman.
4:44 of 1st period - Stopped by Arturs Silovs with a rebound.
4:50 of 1st period - Wrist shot by Cameron Hughes.
4:50 of 1st period - Stopped by Arturs Silovs without a rebound.
4:51 of 1st period - Ville Petman wins face-off versus Nils Aman in Abbotsford Canucks zone.
5:44 of 1st period - Slapshot by Cole McWard.
5:44 of 1st period - Shot Hit the Post.
5:46 of 1st period - Slapshot by Tucker Poolman.
5:46 of 1st period - Stopped by Mads Sogaard with a rebound.
6:24 of 1st period - Wrist shot by Nils Aman.
6:24 of 1st period - Goal by Nils Aman - Abbotsford Canucks : 1 - Coachella Valley Firebirds : 0.
6:25 of 1st period - Nils Aman wins face-off versus Marian Studenic in neutral zone.
7:53 of 1st period - Icing by Nils Aman.
7:54 of 1st period - Ville Petman wins face-off versus Tristen Nielsen in Abbotsford Canucks zone.
7:55 of 1st period - Wrist shot by Marian Studenic.
7:55 of 1st period - Stopped by Arturs Silovs with a rebound.
8:01 of 1st period - Slapshot by Marian Studenic.
8:01 of 1st period - Deflect By Max McCormick.
8:01 of 1st period - Stopped by Arturs Silovs with a rebound.
8:03 of 1st period - Snap shot by Marian Studenic.
8:03 of 1st period - Shot Misses the Net.
8:05 of 1st period - Snap shot by Ville Petman.
8:05 of 1st period - Stopped by Arturs Silovs with a rebound.
8:07 of 1st period - Slapshot by Max McCormick.
8:07 of 1st period - Stopped by Arturs Silovs without a rebound.
8:08 of 1st period - Vasily Podkolzin wins face-off versus Marian Studenic in Abbotsford Canucks zone.
8:21 of 1st period - Snap shot by Max McCormick.
8:21 of 1st period - Stopped by Arturs Silovs without a rebound.
8:22 of 1st period - Nils Aman wins face-off versus Ville Petman in Abbotsford Canucks zone.
8:22 of 1st period - Nils Aman is hit by Marian Studenic.
8:34 of 1st period - Snap shot by Max McCormick.
8:34 of 1st period - Stopped by Arturs Silovs with a rebound.
9:11 of 1st period - Jett Woo is hit by Peetro Seppala and loses puck.
9:16 of 1st period - Snap shot by Kole Lind.
9:16 of 1st period - Shot Blocked by Linus Karlsson.
9:29 of 1st period - Icing by Vitali Kravtsov.
9:30 of 1st period - Ville Petman wins face-off versus Nils Aman in Abbotsford Canucks zone.
9:35 of 1st period - Snap shot by Max McCormick.
9:35 of 1st period - Stopped by Arturs Silovs with a rebound.
9:37 of 1st period - Slapshot by Cale Fleury.
9:37 of 1st period - Deflect By Max McCormick.
9:37 of 1st period - Shot Blocked by Christian Wolanin.
9:37 of 1st period - Puck is out of play.
9:38 of 1st period - Nils Aman wins face-off versus Ville Petman in Abbotsford Canucks zone.
9:45 of 1st period - Snap shot by Nils Aman.
9:45 of 1st period - Stopped by Mads Sogaard with a rebound.
9:49 of 1st period - Wrist shot by Nils Aman.
9:49 of 1st period - Shot Misses the Net.
9:51 of 1st period - Slapshot by Tucker Poolman.
9:51 of 1st period - Deflect By Nils Aman.
9:51 of 1st period - Stopped by Mads Sogaard without a rebound.
9:52 of 1st period - Shane Wright wins face-off versus Nils Aman in Coachella Valley Firebirds zone.
10:18 of 1st period - Aidan McDonough is hit by Kole Lind and loses puck.
10:43 of 1st period - Wrist shot by Max McCormick.
10:43 of 1st period - Shot Misses the Net.
10:47 of 1st period - Slapshot by Max McCormick.
10:47 of 1st period - Coachella Valley Firebirds goal is going for a video replay.
10:47 of 1st period - The goal is refused. The attacking player has interfered with a goalkeeper in his goal crease..
10:48 of 1st period - Jack Studnicka wins face-off versus Ville Petman in Abbotsford Canucks zone.
10:56 of 1st period - Icing by Guillaume Brisebois.
10:57 of 1st period - Marian Studenic wins face-off versus Jack Studnicka in Abbotsford Canucks zone.
11:42 of 1st period - Snap shot by Jack Studnicka.
11:42 of 1st period - Stopped by Mads Sogaard without a rebound.
11:43 of 1st period - Ville Petman wins face-off versus Nils Aman in Coachella Valley Firebirds zone.
12:48 of 1st period - Wrist shot by Vasily Podkolzin.
12:48 of 1st period - Stopped by Mads Sogaard without a rebound.
12:49 of 1st period - Jack Studnicka wins face-off versus Ville Petman in Coachella Valley Firebirds zone.
13:16 of 1st period - Shane Wright is hit by Christian Wolanin.
13:33 of 1st period - Icing by Aatu Raty.
13:34 of 1st period - Nils Aman wins face-off versus Luke Henman in Abbotsford Canucks zone.
14:25 of 1st period - Aatu Raty is hit by Cale Fleury and loses puck.
14:30 of 1st period - Snap shot by Max McCormick.
14:30 of 1st period - Shot Misses the Net.
14:32 of 1st period - Snap shot by Max McCormick.
14:32 of 1st period - Stopped by Arturs Silovs with a rebound.
14:34 of 1st period - Slapshot by Gustav Olofsson.
14:34 of 1st period - Shot Misses the Net.
14:36 of 1st period - Snap shot by Marian Studenic.
14:36 of 1st period - Stopped by Arturs Silovs without a rebound.
14:37 of 1st period - Nils Aman wins face-off versus Shane Wright in Abbotsford Canucks zone.
15:00 of 1st period - Minor Penalty to Tye Kartye for Cross-checking.
15:01 of 1st period - Nils Aman wins face-off versus Kole Lind in Coachella Valley Firebirds zone.
15:02 of 1st period - Wrist shot by Vitali Kravtsov.
15:02 of 1st period - Deflect By Aidan McDonough.
15:02 of 1st period - Shot Misses the Net.
15:02 of 1st period - Puck is out of play.
15:03 of 1st period - Nils Aman wins face-off versus Kole Lind in Coachella Valley Firebirds zone.
15:28 of 1st period - Nils Aman is hit by Shane Wright.
15:47 of 1st period - Slapshot by Vitali Kravtsov.
15:47 of 1st period - Shot Misses the Net.
15:49 of 1st period - Snap shot by Nils Aman.
15:49 of 1st period - Stopped by Mads Sogaard without a rebound.
15:50 of 1st period - Kole Lind wins face-off versus Aatu Raty in Coachella Valley Firebirds zone.
16:47 of 1st period - Gustav Olofsson is hit by Jett Woo and loses puck.
17:00 of 1st period - Penalty to Tye Kartye is over, Tye Kartye is back on ice.
17:04 of 1st period - Snap shot by Linus Karlsson.
17:04 of 1st period - Shot Misses the Net.
17:06 of 1st period - Wrist shot by Linus Karlsson.
17:06 of 1st period - Stopped by Mads Sogaard with a rebound.
17:08 of 1st period - Slapshot by Cole McWard.
17:08 of 1st period - Deflect By Tye Kartye.
17:08 of 1st period - Stopped by Mads Sogaard with a rebound.
17:10 of 1st period - Slapshot by Tucker Poolman.
17:10 of 1st period - Shot Misses the Net.
17:12 of 1st period - Slapshot by Cole McWard.
17:12 of 1st period - Stopped by Mads Sogaard with a rebound.
17:14 of 1st period - Slapshot by Tucker Poolman.
17:14 of 1st period - Shot Misses the Net.
17:16 of 1st period - Snap shot by Tucker Poolman.
17:16 of 1st period - Shot Misses the Net.
17:56 of 1st period - Guillaume Brisebois is hit by Kole Lind and loses puck.
18:05 of 1st period - Peetro Seppala is hit by Tristen Nielsen and loses puck.
19:27 of 1st period - Ville Petman is hit by Danila Klimovich and loses puck.
19:58 of 1st period - Max McCormick is hit by Danila Klimovich and loses puck.
Goals for this period are 1 for Abbotsford Canucks vs 0 for Coachella Valley Firebirds.
Shots for this period are 12 for Abbotsford Canucks vs 16 for Coachella Valley Firebirds.

2nd period


0:01 of 2nd period - Nils Aman wins face-off versus Shane Wright in neutral zone.
0:48 of 2nd period - Luke Henman is hit by Aatu Raty and loses puck.
1:23 of 2nd period - Snap shot by Vasily Podkolzin.
1:23 of 2nd period - Shot Blocked by Marian Studenic.
2:10 of 2nd period - Snap shot by Jack Studnicka.
2:10 of 2nd period - Stopped by Mads Sogaard with a rebound.
2:44 of 2nd period - Wrist shot by Linus Karlsson.
2:44 of 2nd period - Stopped by Mads Sogaard without a rebound.
2:45 of 2nd period - Shane Wright wins face-off versus Aatu Raty in Coachella Valley Firebirds zone.
5:07 of 2nd period - Snap shot by Tristen Nielsen.
5:07 of 2nd period - Shot Blocked by Ville Petman.
5:25 of 2nd period - Shane Wright is hit by Arshdeep Bains and loses puck.
5:40 of 2nd period - Cameron Hughes is hit by Aatu Raty and loses puck.
6:15 of 2nd period - Ville Petman is hit by Linus Karlsson and loses puck.
7:36 of 2nd period - Snap shot by Aatu Raty.
7:36 of 2nd period - Stopped by Mads Sogaard without a rebound.
7:37 of 2nd period - Ville Petman wins face-off versus Jack Studnicka in Coachella Valley Firebirds zone.
7:58 of 2nd period - Matty Beniers is hit by Aidan McDonough and loses puck.
8:06 of 2nd period - Icing by Jimmy Schuldt.
8:07 of 2nd period - Nils Aman wins face-off versus Shane Wright in Coachella Valley Firebirds zone.
8:10 of 2nd period - Slapshot by Vitali Kravtsov.
8:10 of 2nd period - Stopped by Mads Sogaard without a rebound.
8:11 of 2nd period - Ville Petman wins face-off versus Nils Aman in Coachella Valley Firebirds zone.
8:26 of 2nd period - Slapshot by Max McCormick.
8:26 of 2nd period - Shot Blocked by Guillaume Brisebois.
8:36 of 2nd period - Vitali Kravtsov is hit by Cale Fleury and loses puck.
8:47 of 2nd period - Wrist shot by Shane Wright.
8:47 of 2nd period - Goal by Shane Wright - Abbotsford Canucks : 1 - Coachella Valley Firebirds : 1.
8:48 of 2nd period - Jack Studnicka wins face-off versus Marian Studenic in neutral zone.
8:54 of 2nd period - Double Minor Penalty to Max McCormick for Roughing.
8:55 of 2nd period - Tye Kartye wins face-off versus Nils Aman in Coachella Valley Firebirds zone.
9:07 of 2nd period - Wrist shot by Vitali Kravtsov.
9:07 of 2nd period - Shot Misses the Net.
9:09 of 2nd period - Wrist shot by Aidan McDonough.
9:09 of 2nd period - Shot Blocked by Cale Fleury.
9:11 of 2nd period - Slapshot by Christian Wolanin.
9:11 of 2nd period - Stopped by Mads Sogaard without a rebound.
9:12 of 2nd period - Tye Kartye wins face-off versus Aatu Raty in Coachella Valley Firebirds zone.
9:12 of 2nd period - Tye Kartye is hit by Aatu Raty.
9:26 of 2nd period - Slapshot by Christian Wolanin.
9:26 of 2nd period - Shot Misses the Net.
9:28 of 2nd period - Slapshot by Christian Wolanin.
9:28 of 2nd period - Shot Misses the Net.
9:54 of 2nd period - Cale Fleury is hit by Nils Aman and loses puck.
11:15 of 2nd period - Marian Studenic is hit by Danila Klimovich and loses puck.
12:07 of 2nd period - Ryker Evans is hit by Vasily Podkolzin and loses puck.
12:54 of 2nd period - Penalty to Max McCormick is over, Max McCormick is back on ice.
13:22 of 2nd period - Tristen Nielsen is hit by Cale Fleury and loses puck.
13:47 of 2nd period - Jett Woo is hit by Max McCormick and loses puck.
14:08 of 2nd period - Cole Fonstad is hit by Cale Fleury.
16:11 of 2nd period - Jimmy Schuldt is hit by Arshdeep Bains and loses puck.
16:26 of 2nd period - Marian Studenic is hit by Aidan McDonough and loses puck.
16:43 of 2nd period - Jimmy Schuldt is hit by Danila Klimovich.
Goals for this period are 0 for Abbotsford Canucks vs 1 for Coachella Valley Firebirds.
Shots for this period are 5 for Abbotsford Canucks vs 1 for Coachella Valley Firebirds.

3rd period


0:01 of 3rd period - Ville Petman wins face-off versus Nils Aman in neutral zone.
0:04 of 3rd period - Slapshot by Max McCormick.
0:04 of 3rd period - Shot Misses the Net.
0:19 of 3rd period - Max McCormick is hit by Nils Aman and loses puck.
0:50 of 3rd period - Wrist shot by Kole Lind.
0:50 of 3rd period - Stopped by Arturs Silovs without a rebound.
0:51 of 3rd period - Kole Lind wins face-off versus Aatu Raty in Abbotsford Canucks zone.
0:54 of 3rd period - Slapshot by Kole Lind.
0:54 of 3rd period - Shot Misses the Net.
0:58 of 3rd period - Snap shot by Luke Henman.
0:58 of 3rd period - Stopped by Arturs Silovs with a rebound.
1:00 of 3rd period - Slapshot by Luke Henman.
1:00 of 3rd period - Shot Blocked by Mark Friedman.
1:21 of 3rd period - Max McCormick is hit by Mark Friedman and loses puck.
1:38 of 3rd period - Arshdeep Bains is hit by Ryker Evans and loses puck.
2:24 of 3rd period - Wrist shot by Linus Karlsson.
2:24 of 3rd period - Shot Misses the Net.
2:26 of 3rd period - Wrist shot by Aatu Raty.
2:26 of 3rd period - Shot Misses the Net.
2:28 of 3rd period - Slapshot by Cole McWard.
2:28 of 3rd period - Stopped by Mads Sogaard with a rebound.
2:30 of 3rd period - Slapshot by Tucker Poolman.
2:30 of 3rd period - Shot Blocked by Shane Wright.
2:32 of 3rd period - Slapshot by Tucker Poolman.
2:32 of 3rd period - Shot Misses the Net.
2:34 of 3rd period - Minor Penalty to Tye Kartye for Roughing.
2:35 of 3rd period - Aidan McDonough wins face-off versus Kole Lind in Coachella Valley Firebirds zone.
2:40 of 3rd period - Backhand shot by Nils Aman.
2:40 of 3rd period - Stopped by Mads Sogaard without a rebound.
2:41 of 3rd period - Kole Lind wins face-off versus Nils Aman in Coachella Valley Firebirds zone.
3:52 of 3rd period - Cale Fleury is hit by Nils Aman and loses puck.
4:34 of 3rd period - Penalty to Tye Kartye is over, Tye Kartye is back on ice.
4:36 of 3rd period - Snap shot by Kole Lind.
4:36 of 3rd period - Stopped by Arturs Silovs with a rebound.
4:38 of 3rd period - Snap shot by Shane Wright.
4:38 of 3rd period - Stopped by Arturs Silovs without a rebound.
4:39 of 3rd period - Tristen Nielsen wins face-off versus Ville Petman in Abbotsford Canucks zone.
4:56 of 3rd period - Max McCormick is hit by Cole Fonstad and loses puck.
5:08 of 3rd period - Slapshot by Linus Karlsson.
5:08 of 3rd period - Stopped by Mads Sogaard with a rebound.
5:26 of 3rd period - Snap shot by Linus Karlsson.
5:26 of 3rd period - Shot Misses the Net.
5:58 of 3rd period - Max McCormick is hit by Linus Karlsson and loses puck.
6:07 of 3rd period - Wrist shot by Cole Fonstad.
6:07 of 3rd period - Stopped by Mads Sogaard without a rebound.
6:08 of 3rd period - Nils Aman wins face-off versus Tye Kartye in Coachella Valley Firebirds zone.
6:09 of 3rd period - Slapshot by Vitali Kravtsov.
6:09 of 3rd period - Stopped by Mads Sogaard with a rebound.
6:11 of 3rd period - Snap shot by Guillaume Brisebois.
6:11 of 3rd period - Shot Misses the Net.
6:33 of 3rd period - Christian Wolanin is hit by Luke Henman and loses puck.
6:39 of 3rd period - Guillaume Brisebois is hit by Cale Fleury.
6:44 of 3rd period - Mark Friedman is hit by Gustav Olofsson and loses puck.
7:43 of 3rd period - Icing by Kole Lind.
7:44 of 3rd period - Aatu Raty wins face-off versus Kole Lind in Coachella Valley Firebirds zone.
9:33 of 3rd period - Nils Aman is hit by Ville Petman and loses puck.
9:58 of 3rd period - Aatu Raty is hit by Tye Kartye and loses puck.
11:14 of 3rd period - Icing by Guillaume Brisebois.
11:15 of 3rd period - Tristen Nielsen wins face-off versus Ville Petman in Abbotsford Canucks zone.
11:38 of 3rd period - Snap shot by Vitali Kravtsov.
11:38 of 3rd period - Deflect By Nils Aman.
11:38 of 3rd period - Shot Blocked by Max McCormick.
11:38 of 3rd period - Puck is out of play.
11:39 of 3rd period - Nils Aman wins face-off versus Ville Petman in Coachella Valley Firebirds zone.
12:02 of 3rd period - Slapshot by Shane Wright.
12:02 of 3rd period - Shot Blocked by Jett Woo.
12:22 of 3rd period - Snap shot by Jack Studnicka.
12:22 of 3rd period - Stopped by Mads Sogaard with a rebound.
12:24 of 3rd period - Snap shot by Arshdeep Bains.
12:24 of 3rd period - Shot Blocked by Ryker Evans.
12:26 of 3rd period - Slapshot by Cole McWard.
12:26 of 3rd period - Deflect By Jack Studnicka.
12:26 of 3rd period - Shot Misses the Net.
12:26 of 3rd period - Puck is out of play.
12:27 of 3rd period - Ville Petman wins face-off versus Nils Aman in Coachella Valley Firebirds zone.
13:04 of 3rd period - Off-side.
13:05 of 3rd period - Nils Aman wins face-off versus Shane Wright in neutral zone.
13:14 of 3rd period - Wrist shot by Vitali Kravtsov.
13:14 of 3rd period - Goal by Vitali Kravtsov - Abbotsford Canucks : 2 - Coachella Valley Firebirds : 1.
13:15 of 3rd period - Ville Petman wins face-off versus Nils Aman in neutral zone.
13:26 of 3rd period - Slapshot by Christian Wolanin.
13:26 of 3rd period - Stopped by Mads Sogaard with a rebound.
13:28 of 3rd period - Wrist shot by Vitali Kravtsov.
13:28 of 3rd period - Shot Blocked by Cale Fleury.
13:30 of 3rd period - Wrist shot by Nils Aman.
13:30 of 3rd period - Shot Misses the Net.
13:36 of 3rd period - Minor Penalty to Max McCormick for Holding.
13:37 of 3rd period - Tye Kartye wins face-off versus Nils Aman in Coachella Valley Firebirds zone.
13:42 of 3rd period - Snap shot by Tye Kartye.
13:42 of 3rd period - Shot Misses the Net.
14:02 of 3rd period - Shane Wright is hit by Arshdeep Bains.
14:10 of 3rd period - Snap shot by Shane Wright.
14:10 of 3rd period - Shot Misses the Net.
15:36 of 3rd period - Penalty to Max McCormick is over, Max McCormick is back on ice.
15:49 of 3rd period - Wrist shot by Ville Petman.
15:49 of 3rd period - Stopped by Arturs Silovs without a rebound.
15:50 of 3rd period - Marian Studenic wins face-off versus Jack Studnicka in Abbotsford Canucks zone.
15:51 of 3rd period - Snap shot by Max McCormick.
15:51 of 3rd period - Shot Blocked by Mark Friedman.
16:19 of 3rd period - Icing by Shane Wright.
16:20 of 3rd period - Aatu Raty wins face-off versus Shane Wright in Coachella Valley Firebirds zone.
16:21 of 3rd period - Snap shot by Cole Fonstad.
16:21 of 3rd period - Shot Misses the Net.
16:50 of 3rd period - Wrist shot by Max McCormick.
16:50 of 3rd period - Stopped by Arturs Silovs with a rebound.
17:14 of 3rd period - Minor Penalty to Kole Lind for Interference.
17:15 of 3rd period - Nils Aman wins face-off versus Tye Kartye in Coachella Valley Firebirds zone.
17:40 of 3rd period - Vasily Podkolzin is hit by Marian Studenic.
17:46 of 3rd period - Snap shot by Guillaume Brisebois.
17:46 of 3rd period - Shot Misses the Net.
17:48 of 3rd period - Slapshot by Arshdeep Bains.
17:48 of 3rd period - Shot Misses the Net.
19:14 of 3rd period - Penalty to Kole Lind is over, Kole Lind is back on ice.
19:37 of 3rd period - Slapshot by Tucker Poolman.
19:37 of 3rd period - Deflect By Linus Karlsson.
19:37 of 3rd period - Stopped by Mads Sogaard without a rebound.
19:38 of 3rd period - Dave Hakstol call a timeout for Coachella Valley Firebirds.
19:38 of 3rd period - Linus Karlsson wins face-off versus Shane Wright in Coachella Valley Firebirds zone.
19:55 of 3rd period - Coachella Valley Firebirds, Mads Sogaard is pulled from the net.
19:59 of 3rd period - Snap shot by Shane Wright.
19:59 of 3rd period - Shot Blocked by Danila Klimovich.
Goals for this period are 1 for Abbotsford Canucks vs 0 for Coachella Valley Firebirds.
Shots for this period are 9 for Abbotsford Canucks vs 6 for Coachella Valley Firebirds.